← All builds
Tech / Armada / Economy first / OBSERVED BUILD

Standard tech

Armada Tech (Eco) build order · Supreme Isthmus

Rushes T2 by 4:15, gets Advanced Metal Extractor around 5:28, hands off T2 constructors to Geo and the team, then scales eco and supplies the team's T2 needs through the rest of the game.

Usually first T2 con to Geo (83%)

#eco #t2 #team support · 1579 distinct matches · 255 players · 58% of Armada Tech games · team won 53% of 1874 · Recently observed

HOW TO PLAY IT

Key timing: T2 factory by 4:15

  1. Open 3 mex and heavy wind to fund a fast T2 rush.
  2. Put down Bot Lab, planning to eat it for reclaim soon after.
  3. Get Advanced Bot Lab up, hitting the T2 factory rush timing.
  4. Upgrade mex to Advanced Metal Extractor to lock in team metal income.
  5. Eat Advanced Bot Lab and keep sending cons to Geo and Pond.

Phase by phase

TYPICAL OF ITS 1579 GAMES
  1. 1
  2. 2
  3. 3
  4. 4
PLAY THE OPENING

Follow the example game's first 6:00 step by step: what to build now, what comes next, and where it goes. At 1× it keeps pace with your own game.

  1. 1

    Up to the Bot Lab

    Economy
    • Metal Extractor3Mex
    • Wind Turbine4Wind
    Order
    1. Bot LabBot Lab after 3 mex, 4 winddone ~1:18, middle half 1:13–1:32

    Some games also: energy storage (31%)

    By 1:01 in all: 3 mex · 4 wind

    The example game in this phase · 5 steps
    1. Mex ×3
    2. Wind ×3
    3. Energy storage
    4. Wind
    5. Bot LabBot Labdone 1:38 · typical 1:18
  2. 2

    Bot Lab to Advanced Bot Lab

    Economy
    • Metal Extractor1Mex
    • Wind Turbine8Wind
    • Energy Storage1Energy storage
    Order
    1. Advanced Bot LabAdvanced Bot Lab after 4 mex, 12 wind, 3 con turretdone ~4:16, middle half 4:04–4:30
    Builders
    • Construction Turret3 Con turret
    • Lazarus3 Lazarus
    • Construction Bot2 Con bot
    • Construction Bot1 Con bot for allies

    Some games also: converter (36%)

    By 3:18 in all: 4 mex · 12 wind · 1 energy storage · 3 con turret

    The example game in this phase · 28 steps
    1. LazarusLazarus
    2. Wind ×2
    3. Construction BotCon bot
    4. TickTick
    5. Wind
    6. TickTick ×3
    7. Wind
    8. Construction BotCon bot
    9. Wind
    10. LazarusLazarus
    11. Wind
    12. Construction BotCon bot
    13. Wind
    14. LazarusLazarus
    15. Wind
    16. Con turret
    17. Mex
    18. NettleNettle
    19. Construction BotCon bot
    20. Wind
    21. LazarusLazarus
    22. Con turret
    23. Construction BotCon bot
    24. Converter
    25. Metal storage
    26. LazarusLazarus
    27. Converter
    28. Advanced Bot LabAdvanced Bot Labdone 4:50 · typical 4:16
  3. 3

    Advanced Bot Lab to 5:00

    Economy
    • Wind Turbine3Wind
    Order
    1. Bot LabEat Bot Lab
    Builders
    • Advanced Construction Bot1 T2 con bot for allies

    Some games also: converter (35%)

    By 5:00 in all: 4 mex · 15 wind · 1 converter · 1 energy storage · 3 con turret

    The example game in this phase · 3 steps
    1. Converter ×2
    2. Bot LabEat Bot Labreclaimed for its metal
    3. Advanced Construction BotT2 con botfor Geo
  4. 4

    5:00 to 10:00

    Economy
    • Wind Turbine43Wind
    • Energy Converter6Converter
    Builders
    • Butler9 Butler
    • Advanced Construction Bot4 T2 con bot for allies
    • Advanced Construction Bot1 T2 con bot

    Some games also: con turret (43%) · Butler for allies (36%)

    By 10:00 in all: 4 mex · 58 wind · 8 converter · 1 energy storage · 3 con turret

    The example game in this phase · 220 steps
    1. Advanced Construction BotT2 con bot
    2. GunslingerGunslingerfor Ponddone 5:30
    3. Advanced Construction BotT2 con botfor Air
    4. Advanced Metal ExtractorT2 mex ×3done 6:16 · typical 5:29
    5. Advanced Construction BotT2 con bot ×2for Pond
    6. Advanced Metal ExtractorT2 mex
    7. Advanced Construction BotT2 con botfor Beach sea
    8. Advanced Construction BotT2 con bot
    9. ButlerButler ×4
    10. CitadelAnti-nukedone 10:56
    11. ButlerButler ×3
    12. Wind
    13. ButlerButler
    14. Wind
    15. ButlerButler
    16. Wind ×4
    17. ButlerButler
    18. Wind ×3
    19. ButlerButler
    20. Wind ×6
    21. ButlerButler
    22. Converter
    23. Wind ×2
    24. Converter
    25. Wind ×2
    26. Converter
    27. Wind
    28. ButlerButler
    29. Wind
    30. Converter
    31. Wind ×3
    32. Converter
    33. Wind ×2
    34. ButlerButler
    35. Wind
    36. Converter
    37. Wind ×3
    38. Converter ×2
    39. Wind ×4
    40. Converter ×2
    41. Wind ×2
    42. TracerTracer
    43. Wind
    44. ButlerButler
    45. Wind ×2
    46. Converter ×2
    47. Wind ×4
    48. Converter ×2
    49. Wind ×4
    50. Converter ×2
    51. Wind ×4
    52. Converter ×2
    53. Wind ×4
    54. Converter
    55. Wind
    56. Converter
    57. Wind ×3
    58. Converter
    59. Wind
    60. Converter
    61. Wind ×4
    62. Converter
    63. Wind
    64. Converter
    65. Wind
    66. ButlerButler
    67. Wind ×3
    68. Converter ×2
    69. Wind ×6
    70. Converter ×2
    71. ButlerButler
    72. Wind ×4
    73. Converter ×2
    74. Wind ×5
    75. Converter ×2
    76. Wind ×2
    77. ButlerButler
    78. Wind ×4
    79. Converter ×2
    80. Wind ×5
    81. Converter
    82. Wind
    83. Converter
    84. Wind ×3
    85. ButlerButler
    86. Wind ×2
    87. Converter ×2
    88. Wind ×7
    89. Converter
    90. Wind ×2
    91. ButlerButler
    92. Converter
    93. Wind ×3
    94. Converter
    95. Wind ×5
    96. Converter
    97. Fortification WallFortification Wall
    98. Wind ×3
    99. Converter
    100. Fortification WallFortification Wall
    101. Wind ×5
    102. Converter
    103. ButlerButler
    104. Fortification WallFortification Wall
    105. Wind ×3
    106. Converter
    107. Wind
    108. Fortification WallFortification Wall
    109. Wind ×3
    110. Converter
    111. Fortification WallFortification Wall
    112. Wind ×2
    113. Converter
    114. Wind ×3
    115. Fortification WallFortification Wall
    116. Wind
    117. Converter
    118. Wind
    119. Fortification WallFortification Wall
    120. Wind ×4
    121. Converter
    122. Wind ×2
    123. Fortification WallFortification Wall
    124. Wind ×2
    125. Converter
    126. Wind
    127. Converter
    128. Wind ×3
    129. Fortification WallFortification Wall
    130. Wind ×4
    131. Fortification WallFortification Wall
    132. Converter
    133. Wind ×2
    134. Converter
    135. Wind ×3
    136. Fortification WallFortification Wall
    137. Wind ×2
    138. Converter ×2
    139. Wind ×2
    140. Fortification WallFortification Wall
    141. Wind ×2
    142. ButlerButler
    143. Wind ×4
    144. Fortification WallFortification Wall
    145. Wind
    146. Converter ×2
    147. Wind ×3
    148. Fortification WallFortification Wall
    149. Wind
    150. ButlerButler
    151. Wind ×2
    152. Converter
    153. Wind ×2
    154. Fortification WallFortification Wall
    155. Converter
    156. Wind ×2
    157. ButlerButler
    158. Wind ×3
    159. Fortification WallFortification Wall
    160. Wind
    161. Converter
    162. Wind
    163. Converter
    164. Wind
    165. Advanced Radar TowerAdvanced Radar Tower
    166. Wind ×2
    167. ButlerButler
    168. Wind ×5
    169. Converter ×2
    170. Wind ×5
    171. ButlerButler
    172. Wind
    173. Converter
    174. Wind ×5
    175. Con turret
    176. Converter
    177. Wind ×5
    178. Converter
    179. Wind ×5
    180. Converter
    181. Wind
    182. Fortification WallFortification Wall
    183. Con turret
    184. Wind ×2
    185. Converter
    186. Wind ×2
    187. Fortification WallFortification Wall
    188. Wind ×3
    189. Advanced Construction BotT2 con bot
    190. Converter
    191. Wind ×2
    192. Fortification WallFortification Wall
    193. Converter
    194. Wind ×2
    195. Fortification WallFortification Wall
    196. Wind ×3
    197. Converter
    198. Fortification WallFortification Wall
    199. Wind ×5
    200. Converter
    201. Fortification WallFortification Wall
    202. Advanced Construction BotT2 con bot
    203. Wind ×2
    204. Fortification WallFortification Wall
    205. Wind ×3
    206. Converter
    207. Wind
    208. Fortification WallFortification Wall
    209. Converter
    210. Wind ×3
    211. Fortification WallFortification Wall
    212. Wind ×4
    213. Fortification WallFortification Wall
    214. Wind
    215. Converter
    216. Wind
    217. Converter
    218. Wind
    219. Fortification WallFortification Wall
    220. Wind

Counts are medians over the build's games: half of them build more, half fewer. The example game is RG22's (30 OS, 21/08/2026); pick another.

Team trades

IN AT LEAST 30% OF ITS GAMES

You hand over

  • Construction Bot1 Con bot to Airfirst at 2:23 · in 84% of games
  • Advanced Construction Bot5 T2 con bot to Air or Geo sea or Pondfirst at 4:50 · in 99% of games
  • Butler2 Butler to Geo sea or Beach sea or Pondfirst at 9:07 · in 42% of games

You get

  • Hercules1 Light transport from Airfirst at 4:01 · in 86% of games

How it plays out

Typical game of this build, running totals by minute

Metal produced

020k40k
0:005:0010:0015:00

metal

Enemy metal destroyed

050100
0:005:0010:0015:00

metal

Own metal lost

050100150
0:005:0010:0015:00

metal

1874 games.

Show as table
ByMetal produced: This buildEnemy metal destroyed: This buildOwn metal lost: This build
1:0038300
2:0091500
3:00165100
4:00314400
5:00484700
6:00580000
7:00722700
8:00906100
9:001117300
10:001350300
11:001624200
12:001965600
13:002344500
14:0027362073
15:003154285130
WHAT THE NUMBERS SAY

Standard Tech play barely fights at all early, instead pouring metal into T2 infrastructure and constructors for the team.

  • + Metal produced hits 31679 by 15:00, by far the highest of any role here.
  • + T2 factory reached in 97% of games by 4:15, fastest and most reliable T2 timing.
  • − Enemy metal destroyed stays at 0 through 10:00, no early offense at all.
  • − Own metal lost also near 0, showing total avoidance of combat risk.
THE EXAMPLE YOU ARE READING

RG22

30.0 OS · 21/08/2026

Open source match ↗

1 received units
2525 metal received · 92220 energy received

Allied construction assistance is unknown. Timings are observations, not a promise of solo reproducibility.

Typical milestones

Bot Lab1:18Middle 50%: 1:13–1:32 · n=1874
Advanced Bot Lab4:16Middle 50%: 4:04–4:30 · n=1867
Advanced Metal Extractor5:29Middle 50%: 5:05–5:59 · n=1870

Played most by

Amrissa93games of this buildTheGeneraI66games of this buildAdeus57games of this buildEl_Turco56games of this buildKOT_43games of this build
Standard tech · Armada Tech (Eco) build order · BAR Build Atlas